AoeStats
← 小白

Arena

504744791Analyzed
4v4 RM · 27d ago on Sep 6, 2026· 64m 33s· 8 players
Game mode
Random Map
Map size
Large (8 player)
Population
200
Speed
Normal
Resources
Standard
Victory
Conquest
Starting age
Dark Age
Ending age
Imperial Age
RankedLock teamsTeams togetherTeam positionsShared explorationLock speedFull tech treeHidden civsTurbo modeCheats
Victory
Defeat
🇨🇳 Gurjaras · China
1674
+17
🇩🇪 Cumans · Germany
1619
+19
🇪🇬 Spanish · Egypt
1589
+20
🇨🇳 Georgians · China
1523
+22
🇹🇼 Persians · Taiwan
1926
-28
🇹🇼 Bohemians · Taiwan
1763
-24
🇹🇼 Hindustanis · Taiwan
1621
-17
🇬🇧 Portuguese · United Kingdom
1403
-9
[DOV] Sl3v1n
9:40 Feudal Age
11:47 Double-Bit Axe
16:24 Horse Collar
22:39 Castle Age
21:36 Scale Barding Armor
23:16 Forging
24:02 Bloodlines
25:09 Wheelbarrow
25:24 Iron Casting
24:43 Capped Ram
25:16 Loom
26:36 Gold Mining
31:02 Imperial Age
28:48 Hand Cart
29:19 Town Watch
29:56 Chain Barding Armor
30:00 Scale Mail Armor
29:46 Pikeman
30:26 Squires
31:09 Halberdier
32:22 Heavy Plow
32:56 Chain Mail Armor
32:08 Cavalier
32:46 Siege Ram
34:37 Plate Mail Armor
35:08 Blast Furnace
35:25 Plate Barding Armor
36:34 Paladin
47:58 Fletching
50:05 Conscription
52:27 Light Cavalry
57:47 Hussar
今夜月色真好
10:43 Feudal Age
11:55 Horse Collar
14:44 Castle Age
12:55 Double-Bit Axe
16:41 Heavy Plow
17:21 Bow Saw
19:05 Loom
23:31 Wheelbarrow
25:18 Hand Cart
29:02 Imperial Age
26:41 Stone Mining
26:48 Fletching
27:05 Gold Mining
27:15 Guard Tower
27:41 Svan Towers
27:12 Pikeman
28:08 Bodkin Arrow
28:53 Ballistics
28:52 Scale Mail Armor
29:03 Forging
29:29 Murder Holes
29:45 Fortified Wall
29:21 Halberdier
30:24 Town Watch
31:21 Keep
31:46 Chemistry
31:09 Conscription
30:57 Squires
32:10 Stone Shaft Mining
31:39 Bracer
32:16 Chain Mail Armor
33:14 Murder Holes
33:05 Arrowslits
33:31 Masonry
34:09 Plate Mail Armor
34:16 Iron Casting
37:08 Blast Furnace
37:29 Architecture
36:56 Murder Holes
36:41 Treadmill Crane
41:45 Scale Barding Armor
42:02 Cavalier
42:54 Bloodlines
42:45 Husbandry
43:07 Chain Barding Armor
43:44 Aznauri Cavalry
45:41 Plate Barding Armor
44:43 Light Cavalry
46:28 Siege Engineers
46:54 Architecture
46:05 Treadmill Crane
47:51 Guilds
63:24 Caravan
64:11 Elite Skirmisher
64:56 Padded Archer Armor
tim.13
10:01 Feudal Age
14:34 Castle Age
12:31 Double-Bit Axe
13:16 Horse Collar
16:02 Wheelbarrow
15:53 Bow Saw
17:02 Heavy Plow
22:07 Gold Mining
23:31 Gold Shaft Mining
23:23 Stone Mining
28:04 Imperial Age
25:38 Loom
26:09 Hand Cart
25:39 Town Watch
27:44 Bloodlines
27:35 Husbandry
27:49 Forging
27:44 Scale Barding Armor
28:29 Kshatriyas
29:11 Conscription
29:02 Elite Chakram Thrower
31:06 Iron Casting
30:32 Scale Mail Armor
31:58 Chain Barding Armor
31:27 Heavy Camel Rider
34:09 Plate Barding Armor
33:50 Chain Mail Armor
37:43 Frontier Guards
36:49 Light Cavalry
41:13 Plate Mail Armor
40:43 Hussar
52:27 Caravan
58:34 Fortified Wall
[DOV] ReaperWins
11:20 Feudal Age
14:55 Castle Age
13:21 Double-Bit Axe
13:18 Horse Collar
20:02 Padded Archer Armor
24:26 Wheelbarrow
25:18 Loom
27:36 Bow Saw
28:21 Stone Mining
28:21 Gold Mining
33:26 Imperial Age
32:05 Hand Cart
33:49 Husbandry
34:00 Bloodlines
34:44 Conscription
35:03 Leather Archer Armor
36:14 Elite Conquistador
36:22 Elite Conquistador
37:37 Town Watch
38:53 Fletching
39:35 Ring Archer Armor
41:09 Bodkin Arrow
46:25 Chemistry
46:18 Hoardings
45:55 Masonry
48:18 Bracer
48:49 Devotion
50:04 Architecture
50:01 Ballistics
49:58 Guilds
50:18 Coinage
49:49 Caravan
52:34 Banking
52:46 Supremacy
56:24 Stone Shaft Mining
56:51 Two-Man Saw
55:54 Heavy Plow
散步小鵝
10:55 Feudal Age
11:45 Double-Bit Axe
11:45 Horse Collar
14:36 Castle Age
16:36 Bow Saw
17:29 Wheelbarrow
17:39 Heavy Plow
20:31 Scale Barding Armor
22:16 Bloodlines
23:01 Husbandry
25:12 Hand Cart
27:19 Forging
29:45 Iron Casting
30:31 Loom
34:15 Imperial Age
33:06 Chain Barding Armor
32:57 Gold Mining
35:07 Gold Shaft Mining
34:58 Fortified Wall
36:09 Chemistry
34:43 Heavy Camel Rider
37:17 Plate Barding Armor
40:17 Padded Archer Armor
43:18 Fletching
43:44 Leather Archer Armor
44:07 Bodkin Arrow
43:33 Elite Skirmisher
45:29 Ballistics
46:11 Bracer
47:35 Ring Archer Armor
48:45 Caravan
50:25 Light Cavalry
小蜜蜂
10:47 Feudal Age
11:51 Double-Bit Axe
14:32 Castle Age
12:22 Horse Collar
15:27 Bow Saw
16:21 Town Watch
17:40 Wheelbarrow
26:16 Imperial Age
23:58 Loom
25:40 Chemistry
24:55 Scale Mail Armor
25:05 Forging
24:33 Pikeman
25:53 Chain Mail Armor
25:54 Squires
28:39 Halberdier
32:11 Plate Mail Armor
32:02 Siege Engineers
32:55 Houfnice
35:43 Heavy Plow
36:30 Guard Tower
36:31 Fletching
36:17 Heavy Scorpion
37:22 Ballistics
40:34 Bodkin Arrow
41:14 Iron Casting
41:40 Bombard Tower
41:24 Bracer
42:43 Caravan
46:45 Blast Furnace
48:46 Wagenburg Tactics
49:06 Conscription
49:45 Capped Ram
55:55 Masonry
56:39 Guilds
tomtom>W<
10:40 Feudal Age
14:38 Castle Age
12:55 Double-Bit Axe
13:10 Horse Collar
17:00 Bow Saw
17:46 Fletching
19:24 Loom
32:56 Sanctity
35:11 Fortified Wall
39:10 Fervor
41:31 Wheelbarrow
48:11 Hand Cart
51:23 Imperial Age
小白
11:14 Feudal Age
11:44 Double-Bit Axe
11:54 Horse Collar
14:36 Castle Age
15:19 Bow Saw
16:41 Wheelbarrow
23:55 Stone Mining
23:56 Gold Mining
29:33 Imperial Age
27:09 Heavy Plow
27:25 Hand Cart
28:24 Stone Shaft Mining
28:02 Scale Barding Armor
27:54 Loom
27:54 Town Watch
28:54 Gold Shaft Mining
29:11 Chain Barding Armor
30:16 Guilds
31:07 Two-Man Saw
30:39 Crop Rotation
29:34 Elite War Elephant
30:37 Conscription
30:59 Plate Barding Armor
31:13 Forging
31:14 Bloodlines
31:04 Husbandry
32:48 Iron Casting
32:53 Caravan
34:38 Devotion
35:54 Blast Furnace
44:14 Coinage
58:48 Masonry
62:09 Banking
Connection lost

Rejoining the realm…

Still unreachable

The connection could not be restored.

Session expired

The server has moved on; the page needs a fresh start.